 Dungeon Crawl Stone Soup version 0.18-a0-1347-gb9e2fb4 (webtiles) character file.

142 Duffy the Shield-Bearer (level 5, -3/41 HPs)
             Began as a Formicid Fighter on Feb 17, 2016.
             Splashed by Ijyb's acid (5 damage)
             ... on level 3 of the Dungeon.
             The game lasted 00:02:18 (1954 turns).

Duffy the Shield-Bearer (Formicid Fighter)          Turns: 1954, Time: 00:02:18

Health: -3/41      AC:  6    Str: 21    XL:     5   Next: 49%
Magic:  5/5        EV:  8    Int:  7    God:
Gold:   84         SH: 10    Dex: 11    Spells: 0 memorised, 4 levels left

rFire  . . .     SeeInvis +     a - +0 war axe
rCold  . . .     Gourm    +     b - +0 scale mail
rNeg   . . .     Faith    .     c - +0 shield
rPois  .         Spirit   .     (helmet unavailable)
rElec  .         Dismiss  .     (no cloak)
rCorr  +         Reflect  .     (no gloves)
SustAt .         Harm     .     (no boots)
MR     .....                    w - amulet of the gourmand
Stlth  ..........               (no ring)
                                o - ring of resist corrosion

@: not resistant to hostile enchantments, extremely unstealthy
A: permanent stasis, dig shafts and tunnels, four strong arms, antennae 3
a: Dig, Shaft Self


You were on level 3 of the Dungeon.
You were hungry.

You visited 1 branch of the dungeon, and saw 3 of its levels.

You collected 84 gold pieces.


Innate Abilities, Weirdness & Mutations

You are under a permanent stasis effect.
You can dig through walls and to a lower floor.
Your four strong arms can wield two-handed weapons with a shield.
You have a pair of large antennae on your head (SInv).


   Skills:
 - Level 3.2 Fighting
 + Level 3.9 Axes
 - Level 3.2 Armour
 + Level 5.6 Shields


You had 4 spell levels left.
You didn't know any spells.

Inventory:

Hand Weapons
 a - a +0 war axe (weapon)
Armour
 b - a +0 scale mail (worn)
 c - a +0 shield (worn)
Jewellery
 o - a ring of resist corrosion (left hand)
 w - an amulet of the gourmand (around neck)
Scrolls
 e - 2 scrolls of remove curse {unknown}
 g - 2 scrolls of immolation {unknown}
 h - a scroll of fear {unknown}
 i - 3 scrolls of identify {unknown}
 k - 3 scrolls of recharging {unknown}
 p - a scroll of teleportation {unknown}
 q - a scroll of blinking {unknown}
 s - a scroll of enchant weapon {unknown}
 t - a scroll of noise {unknown}
 v - a scroll of enchant armour {unknown}
Potions
 d - a potion of might
 j - a potion of curing {unknown}
 l - a potion of resistance {unknown}
 m - a potion of agility {unknown}
 n - a potion of cancellation {unknown}
 r - 2 potions of degeneration {unknown}
 u - a potion of heal wounds {unknown}
Comestibles
 f - 2 bread rations

Dungeon Overview and Level Annotations

Branches:
Dungeon (3/15)

Altars:
Kikubaaqudgha
Nemelex Xobeh
Qazlal

Annotations:
D:3 Ijyb


Message History

You completely miss the vampire bat. The vampire bat bites you.
The vampire bat bites you but does no damage.
You hit the vampire bat.
The vampire bat is severely damaged.
You block the vampire bat's attack. The vampire bat closely misses you.
You hit the vampire bat but do no damage.
The vampire bat is severely damaged.
The vampire bat bites you.
The vampire bat draws strength from your injuries!
The vampire bat closely misses you.
You barely miss the vampire bat.
The vampire bat is moderately damaged.
The vampire bat barely misses you.
You slash the vampire bat!
You destroy the vampire bat!
You block the bat zombie's attack. The bat zombie barely misses you.
The bat zombie hits you but does no damage.
You hit the bat zombie.
Ijyb looks more energetic.
The bat zombie hits you but does no damage.
The bat zombie barely misses you. You block the bat zombie's attack.
The bat zombie closely misses you.
You completely miss the bat zombie.
The bat zombie hits you but does no damage.
The bat zombie barely misses you. You block the bat zombie's attack. x2
You slash the bat zombie!
You destroy the bat zombie!
You hit Ijyb but do no damage. Ijyb hits you but does no damage.
You miss Ijyb. Ijyb barely misses you. Ijyb hits you but does no damage.
You hit Ijyb but do no damage. You block Ijyb's attack.
You hit Ijyb but do no damage. Ijyb closely misses you.
You hit Ijyb.
Ijyb is lightly wounded.
Ijyb zaps a wand.
The bolt of acid hits you! You resist.
The acid burns!
You resist.
You die...

##.#.#.#.#.##
#.#.}.#.}.#.#
##.#.#.#.#.##
#.}.#...#.}.#
##.#.}.}.#.##
#.#..._...##
#.##.}[}.##
#g# ######
#@#
..........#
#######......
########


You could see Ijyb.

Action                   |  1- 3 |  4- 6 || total
-------------------------+-------+-------++-------
Melee: War axe           |   148 |    76 ||   224
 Abil: Dig               |       |     1 ||     1
  Eat: Chunk             |     1 |     2 ||     3

Notes
Turn   | Place    | Note
--------------------------------------------------------------
     0 | D:1      | Duffy the Formicid Fighter began the quest for the Orb.
     0 | D:1      | Reached XP level 1. HP: 18/18 MP: 1/1
   129 | D:1      | Reached XP level 2. HP: 24/24 MP: 2/2
   228 | D:1      | Reached skill level 4 in Shields
   454 | D:1      | Reached XP level 3. HP: 27/29 MP: 3/3
   767 | D:2      | Found a stormy altar of Qazlal.
   900 | D:2      | Reached skill level 3 in Axes
  1261 | D:2      | Reached XP level 4. HP: 35/35 MP: 4/4
  1347 | D:2      | Found a sparkling altar of Nemelex Xobeh.
  1520 | D:3      | Reached skill level 5 in Shields
  1900 | D:3      | Reached XP level 5. HP: 41/41 MP: 5/5
  1909 | D:3      | Found an ancient bone altar of Kikubaaqudgha.
  1909 | D:3      | Noticed Ijyb
  1954 | D:3      | Splashed by Ijyb's acid

Vault maps used:
D:1:      saegor_arrival_simple_a
D:2:      grunt_qazlal_clouds, first_bread, minivault_26,
          nemelex_diamond_rough_becter
D:3:      kennysheep_vampire_church, nicolae_ru_sacrificial_ziggurat,
          grunt_decor_arrowhead, kennysheep_generic_room_2, uniq_iyjb

Vanquished Creatures
  A vampire bat
  5 adders
  A giant gecko
  An orc
  2 ball pythons
  3 bat skeletons
  3 bat zombies
  3 giant cockroaches
  5 goblins
  7 hobgoblins
  2 jackals
  2 kobolds
  2 quokkas
  5 bats
  8 giant newts
  7 rats
57 creatures vanquished.
